General information
- name: BNet
- type: Ladder 1vs1/FFA
- host: Battle.net
- saver: 940
map: LostTemple
- players: 2
- length: 29:35
- speed: Fast
- version: 1.26 W3XP
- replay type: Public
» download(111 KB)
Players
team 1 (winner)
940 (
orange | 144 APM | 4250 actions | 29:35)
6 Blademaster
2 Wind Walk
3 Critical Strike
1 Bladestorm
5 Shadow Hunter
3 Hex
2 Healing Wave
» actions
| Assign group hotkey | 38 | |
| Basic commands | 49 | |
| Build / train | 83 | |
| Enter build submenu | 11 | |
| Enter hero's abilities submenu | 11 | |
| Give item / drop item | 1 | |
| Remove unit from queue | 1 | |
| Right click | 2289 | |
| Select / deselect | 1049 | |
| Select group hotkey | 579 | |
| Use ability | 139 | |
4250 total
» units
| Peon | 7 | |
| Grunt | 12 | |
| Raider | 5 | |
| Spirit Walker | 3 | |
| Demolisher | 6 | |
| Troll Batrider | 1 | |
34 total
» upgrades
| Berserker Strength | 1 | |
| Ensnare | 1 | |
| Armor | 3 | |
| Spirit Walker Training | 2 | |
| Melee Weapons | 3 | |
| Burning Oil | 1 | |
| Spiked Barricades | 1 | |
| Ranged Weapons | 1 | |
13 total
» buildings
| Altar of Storms | 1 | |
| Orc Burrow | 5 | |
| Barracks | 1 | |
| Voodoo Lounge | 1 | |
| Stronghold | 2 | |
| Beastiary | 1 | |
| War Mill | 1 | |
| Spirit Lodge | 1 | |
| Fortress | 1 | |
14 total
» build order
00:03 Altar of Storms
00:05 Orc Burrow
00:22 Barracks
01:44 Orc Burrow
01:58 Voodoo Lounge
03:34 Stronghold
04:53 Orc Burrow
06:16 Beastiary
06:29 Orc Burrow
09:15 War Mill
11:03 Spirit Lodge
12:44 Fortress
13:37 Orc Burrow
» items
| Lesser Clarity Potion | 5 | |
| Healing Salve | 4 | |
| Scroll of Town Portal | 3 | |
| Potion of Mana | 4 | |
| Tiny Great Hall | 1 | |
| Orb of Lightning | 1 | |
18 total
team 2 (loser)
Distress (
blue | 61 APM | 1790 actions | 29:35)
2 Death Knight
1 Death Coil
1 Unholy Aura
2 Lich
1 Frost Nova
1 Frost Armor
» actions
| Assign group hotkey | 45 | |
| Build / train | 69 | |
| ESC pressed | 3 | |
| Enter build submenu | 29 | |
| Enter hero's abilities submenu | 4 | |
| Right click | 607 | |
| Select / deselect | 471 | |
| Select group hotkey | 459 | |
| Use ability | 103 | |
1790 total
» units
| Acolyte | 5 | |
| Ghoul | 16 | |
| Necromancer | 8 | |
| Obsidian Statue | 3 | |
| Meatwagon | 1 | |
| Abomination | 1 | |
| Gargoyle | 3 | |
37 total
» upgrades
| Necromancer Training | 1 | |
| Skeletal Longevity | 1 | |
| Ghoul Frenzy | 1 | |
| Skeletal Mastery | 1 | |
| Destroyer Form | 1 | |
5 total
» buildings
| Crypt | 1 | |
| Altar of Darkness | 1 | |
| Ziggurat | 11 | |
| Tomb of Relics | 1 | |
| Halls of the Dead | 1 | |
| Nerubian Tower | 2 | |
| Graveyard | 1 | |
| Sacrificial Pit | 1 | |
| Temple of the Damned | 4 | |
| Slaughterhouse | 1 | |
| Black Citadel | 1 | |
| Spirit Tower | 6 | |
| Necropolis | 1 | |
32 total
» build order
00:08 Crypt
00:10 Altar of Darkness
00:26 Ziggurat
01:05 Tomb of Relics
01:43 Ziggurat
02:52 Halls of the Dead
02:57 Nerubian Tower
04:41 Graveyard
05:34 Sacrificial Pit
05:56 Ziggurat
06:43 Temple of the Damned
08:02 Temple of the Damned
08:11 Slaughterhouse
08:46 Black Citadel
11:44 Spirit Tower
12:47 Ziggurat
12:49 Ziggurat
13:21 Ziggurat
13:23 Ziggurat
13:46 Ziggurat
13:48 Ziggurat
13:51 Spirit Tower
14:11 Temple of the Damned
14:20 Spirit Tower
16:19 Spirit Tower
18:03 Temple of the Damned
18:12 Spirit Tower
22:58 Necropolis
26:25 Ziggurat
26:27 Ziggurat
28:39 Spirit Tower
28:40 Nerubian Tower
» items
| Rod of Necromancy | 1 | |
| Dust of Appearance | 2 | |
| Scroll of Town Portal | 1 | |
| Potion of Healing | 2 | |
| Scroll of Healing | 1 | |
| Potion of Mana | 1 | |
8 total
Chat log
(22:00 / All) 940: looks like a stalemate
(22:02 / All) 940: i have no gold!!